 Dungeon Crawl Stone Soup version 0.30.1-1-g62c8e00024 (webtiles) character file.

Game seed: 10699832684173414957

13455 Tirrikindir the Carver (level 12, -21/74 HPs)
             Began as an Octopode Fighter on July 12, 2023.
             Was an Initiate of Gozag.
             Demolished by a death yak (26 damage)
             ... on level 10 of the Dungeon on July 16, 2023.
             The game lasted 00:33:34 (9953 turns).

Tirrikindir the Carver (Octopode Fighter)           Turns: 9953, Time: 00:33:35

Health: -21/74     AC:  3    Str: 22    XL:     12   Next: 6%
Magic:  0/15       EV: 17    Int: 21    God:    Gozag
Gold:   448        SH: 14    Dex: 20    Spells: 15/15 levels left

rFire   + + .        q - +5 double sword (freeze)
rCold   . . .        s - +2 kite shield
rNeg    . . .        (helmet restricted)
rPois   .            B - amulet of guardian spirit
rElec   .            j - +6 ring of intelligence
rCorr   +            k - +6 ring of strength
SInv    .            m - +6 ring of dexterity
Will    +....        y - ring of resist corrosion
Stlth   ++++++       A - ring "Zetuloal" {rF+ Will+ Int+3}
HPRegen 0.32/turn    (no ring)
MPRegen 0.14/turn    (no ring)
                     (no ring)

%: guardian spirit
@: gold aura, studying Translocations
A: almost no armour, amphibious, 8 rings, camouflage 1, gelatinous body 1,
(nimble swimmer 1), tentacles, iridescent scales 1, fire resistance 1, frail 1
a: Renounce Religion, Potion Petition, Call Merchant, Bribe Branch


You were on level 10 of the Dungeon.
You worshipped Gozag.
Gozag was aware of your devotion.
You visited 2 branches of the dungeon, and saw 12 of its levels.

You collected 2050 gold pieces.
You spent 88 gold pieces at shops.
You paid 1514 gold pieces to Gozag.

Inventory:

Hand Weapons
 q - a +5 double sword of freezing (weapon)
 t - a +3 scimitar of flaming
Missiles
 f - 11 boomerangs (quivered)
 h - 17 poisoned darts
 i - a throwing net
Armour
 s - a +2 kite shield (worn)
Jewellery
 j - a +6 ring of intelligence (left tentacle)
 k - a +6 ring of strength (right tentacle)
 l - a ring of fire
 m - a +6 ring of dexterity (on tentacle)
 y - a ring of resist corrosion (on tentacle)
 A - the ring "Zetuloal" (on tentacle) {rF+ Will+ Int+3}
   (You acquired it on level 7 of the Dungeon)

   [ring of protection from fire]

   Int:       It affects your intelligence (+3).
   rF:        It protects you from fire.
   Will:      It increases your willpower.
 B - an amulet of guardian spirit (around mantle)
Wands
 w - a wand of acid (8)
 F - a wand of charming (7)
Scrolls
 b - 4 scrolls of fog
 e - 3 scrolls of teleportation
 n - 3 scrolls of fear
 o - 2 scrolls of immolation
 u - a scroll of magic mapping {unknown}
 x - a scroll of amnesia {unknown}
Potions
 c - a potion of ambrosia {unknown}
 d - 4 potions of brilliance
 g - 2 potions of mutation
 p - 2 potions of lignification
 r - a potion of cancellation {unknown}
 v - 2 potions of haste
 z - a potion of attraction {unknown}
 C - a potion of berserk rage {unknown}
 D - a potion of resistance {unknown}


   Skills:
 * Level 8.3 Fighting
 * Level 11.8 Long Blades
 * Level 7.7 Dodging
 - Level 10.0 Stealth
 * Level 7.8 Shields
 - Level 2.0 Spellcasting
 - Level 4.0 Translocations
 - Level 3.0 Evocations


You had 15 spell levels left.
You didn't know any spells.
Your spell library contained the following spells:

 Spells                   Type           Power      Damage    Failure   Level
 Magic Dart               Conj           8%         1d3       28%         1
 Shock                    Conj/Air       8%         1d3       28%         1
 Call Imp                 Summ           4%         N/A       38%         2
 Mephitic Cloud           Conj/Pois/Air  2%         N/A       63%         3
 Swiftness                Air            2%         N/A       63%         3
 Airstrike                Air            1%         2d(1-17)  95%         4
 Cause Fear               Hex            1%         N/A       95%         4
 Leda's Liquefaction      Hex/Erth       1%         N/A       95%         4
 Lee's Rapid Deconstruct  Erth           1%         3d4*      100%        5
 Statue Form              Tmut/Erth      1%         N/A       100%        6
 Dragon Form              Tmut           1%         N/A       100%        7
 Dragon's Call            Summ           1%         N/A       100%        9


Dungeon Overview and Level Annotations

Branches:
Dungeon (11/15)            Temple (1/1) D:4             Orc (0/2) D:10
   Lair: D:8-11

Altars:
Ashenzari
Cheibriados
Dithmenos
Elyvilon
Fedhas
Gozag
Hepliaklqana
Kikubaaqudgha
Makhleb
Nemelex Xobeh
Okawaru
Qazlal
Ru
Sif Muna
Trog
Uskayaw
Vehumet
Wu Jian
Xom
Yredelemnul
Zin
The Shining One

Shops:
D:4 ?   D:8 [   D:10 !

Annotations:
D:6 3 runed translucent doors, turdburglar's ghost, novice GnWn


Innate Abilities, Weirdness & Mutations

You cannot wear most types of armour.
You are amphibious.
You can wear up to eight rings at the same time.
Your skin changes colour to match your surroundings (Stealth+).
Your rubbery body absorbs attacks. (AC +1, EV +1)
((You are camouflaged when in or above water. (Stealth+)))
You have tentacles for arms and can constrict up to eight enemies at once.
You are partially covered in iridescent scales. (AC +2)
Your flesh is heat resistant. (rF+)
You are frail. (-10% HP)


Message History

The death yak is heavily wounded.
The death yak closely misses you.
You hit the death yak but do no damage.
You squeeze the death yak, but do no damage.
The death yak is heavily wounded.
You block the death yak's attack.
You slash the death yak! You freeze the death yak.
The death yak is severely wounded.
The death yak gores you!
You slash the death yak! You freeze the death yak.
The death yak is severely wounded.
You block the death yak's attack.
You hit the death yak. You freeze the death yak. You squeeze the death yak!
The death yak is almost dead.
The death yak closely misses you.
You slice the death yak!! You freeze the death yak.
You kill the death yak!
You hit the death yak. You freeze the death yak.
The death yak is lightly wounded.
The death yak is distracted by your dazzling golden aura.
You hit the death yak but do no damage.
The death yak is no longer distracted by gold.
You squeeze the death yak, but do no damage.
The death yak is lightly wounded.
The death yak gores you.
You slice the death yak!! You freeze the death yak! You squeeze the death yak.
The death yak is heavily wounded.
The death yak gores you!!
You slash the death yak! You freeze the death yak.
The death yak is severely wounded.
You block the death yak's attack.
You slash the death yak! You freeze the death yak.
The death yak is almost dead.
The death yak gores you!!
* * * LOW HITPOINT WARNING * * *
You barely miss the death yak. Your squeeze misses the death yak.
The death yak is almost dead.
The death yak gores you!!
You die...
Your body crumbles into a pile of gold.

#.#####.### ##..# #.# #.#
#.<.##### ###.# #.# #.......#
....# #.# #.).###.# ##..# #.#
###.# #.#
#..#####.#############.# #.#####
#......................# #......
#.#############.######## #######
#.# #@##.## # #.# #Y#.#.## # #.#
#....#.# # #.# ###...## #
#.################.#############
#................#.......>......
################.###############
#.# #.# ###


You could see a death yak.

Vanquished Creatures
  A catoblepas (D:10)
  Erica (D:8)
  A two-headed ogre (D:10)
  A death yak (D:10)
  An ugly thing (D:8)
  A cyclops (D:10)
  Joseph (D:7)
  Psyche (D:11)
  An efreet (D:10)
  A troll (D:10)
  A hornet (D:10)
  A shadow (D:10)
  2 wyverns
  A wraith (D:11)
  23 yaks
  A vampire (D:10)
  4 steam dragons
  Edmund (D:6)
  An acid dragon (D:9)
  Duvessa (D:7)
  2 orc warriors
  3 black bears
  2 sky beasts
  2 ice beasts (D:7)
  2 ogres (D:4)
  6 centaurs
  A phantom (D:5)
  3 bullfrogs (D:9)
  A kobold brigand (D:9)
  3 gnoll sergeants
  4 scorpions
  9 wights
  Dowan (D:7)
  3 killer bees (D:9)
  4 howler monkeys
  6 hounds
  12 orc priests
  4 iguanas
  3 sleepcaps (D:5)
  9 orc wizards
  11 gnolls
  3 adders
  2 shadow imps
  A white imp (D:7)
  2 ufetubi (D:5)
  2 worms
  6 dart slugs
  57 orcs
  5 ball pythons
  4 endoplasms
  3 giant cockroaches (D:1)
  7 goblins
  5 hobgoblins
  3 jackals (D:5)
  6 quokkas
  4 bats
  A frilled lizard (D:1)
  11 kobolds
  7 rats (D:1)
266 creatures vanquished.

Notes
Turn   | Place    | Note
-------+----------+-------------------------------------------
     0 | D:1      | Tirrikindir the Octopode Fighter began the quest for the
                  | Orb.
     0 | D:1      | Reached XP level 1. HP: 16/16 MP: 1/1
   116 | D:1      | Reached XP level 2. HP: 21/21 MP: 2/2
   231 | D:1      | Reached skill level 1 in Stealth
   528 | D:1      | Reached XP level 3. HP: 18/26 MP: 3/3
  1172 | D:2      | Reached XP level 4. HP: 27/31 MP: 4/4
  1490 | D:3      | Found a hazy altar of Hepliaklqana.
  1612 | D:3      | Reached skill level 3 in Long Blades
  1622 | D:3      | Reached XP level 5. HP: 28/36 MP: 5/5
  1737 | D:3      | Found an ornate altar of the Wu Jian Council.
  1870 | D:3      | Upgraded the game from 0.30.1 to 0.30.1-1-g62c8e00024
  2043 | D:4      | Identified 2 scrolls of acquirement
  2044 | D:4      | Acquired a +3 double sword of freezing
  2048 | D:4      | Acquired a manual of Translocations
  2074 | D:4      | Found Natteebo's Magic Scroll Boutique.
  2099 | D:4      | Bought a scroll of identify for 24 gold pieces
  2099 | D:4      | Bought a scroll of identify for 24 gold pieces
  2099 | D:4      | Bought a scroll of identify for 24 gold pieces
  2140 | D:4      | Found a white marble altar of Elyvilon.
  2141 | D:4      | Found a stormy altar of Qazlal.
  2177 | D:4      | Found an iron altar of Okawaru.
  2185 | D:4      | Reached XP level 6. HP: 43/43 MP: 6/6
  2239 | D:4      | Reached skill level 4 in Long Blades
  2253 | D:4      | HP: 2/43 [ogre/+0 giant club (35)]
  2415 | D:4      | Reached skill level 1 in Translocations
  2543 | D:4      | Reached skill level 1 in Spellcasting
  2543 | D:4      | Reached XP level 7. HP: 48/48 MP: 8/8
  2721 | D:4      | Reached skill level 5 in Long Blades
  3010 | D:4      | Gained mutation: You are frail. (-10% HP) [potion of
                  | mutation]
  3010 | D:4      | Gained mutation: You are partially covered in iridescent
                  | scales. (AC +2) [potion of mutation]
  3010 | D:4      | Gained mutation: Your flesh is heat resistant. (rF+)
                  | [potion of mutation]
  3032 | D:4      | Reached XP level 8. HP: 35/48 MP: 11/11
  3032 | D:4      | Found a snail-covered altar of Cheibriados.
  3033 | D:4      | HP: 2/48 [gnoll/+0 halberd[a gnoll sergeant] (9)]
  3549 | D:4      | Found a staircase to the Ecumenical Temple.
  3558 | Temple   | Entered the Ecumenical Temple
  3653 | Temple   | Became a worshipper of Gozag Ym Sagoz the Greedy
  3821 | D:5      | Entered Level 5 of the Dungeon
  3900 | D:5      | Reached skill level 5 in Stealth
  4022 | D:5      | Reached skill level 6 in Long Blades
  4034 | D:5      | Found a sacrificial altar of Ru.
  4123 | D:5      | Reached skill level 5 in Fighting
  4458 | D:5      | Reached skill level 7 in Long Blades
  4615 | D:6      | Noticed turdburglar's ghost (novice GnWn)
  4647 | D:6      | Found a runed translucent gate.
  4647 | D:6      | Found a runed translucent gate.
  4647 | D:6      | Found a runed translucent gate.
  4718 | D:6      | Reached skill level 8 in Long Blades
  4718 | D:6      | Reached XP level 9. HP: 54/54 MP: 12/12
  4922 | D:6      | Noticed Edmund
  4931 | D:6      | Killed Edmund
  4932 | D:6      | Reached skill level 9 in Long Blades
  5502 | D:7      | Reached skill level 10 in Long Blades
  5655 | D:7      | Noticed Joseph
  5666 | D:7      | Killed Joseph
  5667 | D:7      | Reached skill level 1 in Evocations
  5849 | D:7      | Noticed Duvessa
  5849 | D:7      | Noticed Dowan
  5853 | D:7      | Killed Dowan
  5857 | D:7      | Killed Duvessa
  5866 | D:7      | Acquired the ring "Zetuloal" {rF+ Will+ Int+3}
  6052 | D:7      | Reached XP level 10. HP: 50/59 MP: 11/13
  6375 | D:8      | Reached skill level 5 in Dodging
  6375 | D:8      | Reached skill level 5 in Shields
  6526 | D:8      | Found a broken altar of Ashenzari.
  7030 | D:8      | Noticed Erica
  7035 | D:8      | Noticed a purple ugly thing
  7040 | D:8      | Killed Erica
  7045 | D:8      | Killed a purple ugly thing
  7484 | D:8      | Reached XP level 11. HP: 57/66 MP: 12/14
  7862 | D:9      | Reached skill level 11 in Long Blades
  8575 | D:9      | Found a shimmering altar of Xom.
  8718 | D:10     | Entered Level 10 of the Dungeon
  8916 | D:10     | Noticed a cyclops
  8917 | D:10     | Noticed a catoblepas
  8940 | D:10     | Killed a cyclops
  8947 | D:10     | Killed a catoblepas
  8948 | D:10     | Reached skill level 10 in Stealth
  9269 | D:10     | Noticed a two-headed ogre
  9274 | D:10     | Killed a two-headed ogre
  9320 | D:10     | Found a staircase to the Orcish Mines.
  9740 | D:11     | Noticed Psyche
  9744 | D:11     | Killed Psyche
  9757 | D:11     | Noticed a death yak
  9760 | D:11     | Noticed a death yak
  9760 | D:11     | Noticed a death yak
  9778 | D:10     | HP: 2/69 [something (7)]
  9791 | D:10     | Reached XP level 12. HP: 30/73 MP: 2/15
  9797 | D:10     | Bought a potion of degeneration for 16 gold pieces
  9936 | D:11     | Noticed a death yak
  9936 | D:11     | Noticed a death yak
  9947 | D:10     | Killed a death yak
  9953 | D:10     | Demolished by a death yak

Illustrated notes

Levels and vault maps discovered:
D:1:      dpeg_arrival_ratfight, layout_basic
D:2:      layout_basic
D:3:      layout_rooms, mainiacjoe_overflow_small_starburst,
          nzn_wu_jian_contemplation, minmay_box_of_dots
D:4:      minmay_chambers_of_twos, layout_gridville, okawaru_gym_becter,
          lemuel_coloured_pillars_altar, grunt_temple_overflow_open,
          minmay_temple_entry_poolview, nicolae_wooded_promenade
D:5:      layout_basic, lemuel_doored_altar
D:6:      layout_basic, gammafunk_ghost_icy, uniq_edmund
D:7:      nicolae_cairo_tiling, layout_basic, uniq_duvessa, uniq_joseph
D:8:      layout_loops_corners, ashenzari_conservatory_becter, uniq_erica
D:9:      layout_basic, marbit_many_paths
D:10:     layout_loops_ring, david_orc_2, minmay_chambers_of_fives
D:11:     layout_long_grid, dpeg_lair_monsters, chequers_garden, uniq_maurice,
          uniq_amaemon, uniq_psyche
Temple:   nicolae_temple_bog_church

Skill      XL: |  1  2  3  4  5  6  7  8  9 10 11 |
---------------+----------------------------------+-----
Stealth        | 1 2 3 4 6 7 8 10 | 10.0
Long Blades    | 3 4 5 8 10 11 | 11.8
Translocations | 2 3 4 |  4.0
Fighting       | 4 5 6 8 |  8.3
Dodging        | 4 6 7 |  7.7
Shields        | 4 6 7 |  7.8
Spellcasting   | 1 2 |  2.0
Evocations     | 1 3 |  3.0

Action                     |  1- 3 |  4- 6 |  7- 9 | 10-12 || total
---------------------------+-------+-------+-------+-------++-------
  Melee: Long sword        |    69 |    33 |       |       ||   102
         Constrict         |    21 |    17 |    35 |    23 ||    96
         Tentacles         |    15 |     9 |    31 |    61 ||   116
         Double sword      |       |    26 |   176 |   253 ||   455
         Punch             |       |     1 |     3 |     2 ||     6
  Throw: Dart              |       |     3 |       |       ||     3
         Boomerang         |       |     4 |    12 |     9 ||    25
 Invoke: Call Merchant     |       |       |       |     2 ||     2
  Evoke: Wand              |       |       |       |     5 ||     5
    Use: Scroll            |     5 |     8 |     8 |     4 ||    25
         Potion            |       |     3 |     3 |     7 ||    13
   Stab: Sleeping          |     7 |     1 |    21 |     8 ||    37
         Distracted        |       |     2 |     1 |     2 ||     5
 Armour: Skin              |     7 |     1 |    17 |    10 ||    35
  Dodge: Dodged            |    47 |    32 |    94 |    71 ||   244
  Block: Buckler           |    15 |    16 |    10 |       ||    41
         Kite shield       |       |       |    71 |   120 ||   191
